 Dungeon Crawl Stone Soup version 0.28-a0-657-g71136c5590 (webtiles) character file.

Game seed: 7173581257864264538

2643 lawman0 the Covert (level 9, -4/62 (66) HPs)
             Began as a Gnoll Delver on Oct 13, 2021.
             Was a Believer of Hepliaklqana.
             Slain by a wight (8 damage)
             ... on level 7 of the Dungeon.
             The game lasted 00:13:53 (7078 turns).

lawman0 the Covert (Gnoll Delver)                   Turns: 7078, Time: 00:13:53

HP:   -4/62 (66)    AC:  5    Str: 18    XL:     9   Next: 62%
MP:   15/15         EV: 14    Int: 13    God:    Hepliaklqana [**....]
Gold: 190           SH:  0    Dex: 13    Spells: 15/16 levels left

rFire   . . .      SeeInvis .   a - +0 falchion
rCold   . . .      Faith    .   (no shield)
rNeg    . . .      Spirit   .   s - +0 leather armour
rPois   .          Reflect  .   (no helmet)
rElec   .          Harm     .   (no cloak)
rCorr   .          Rampage  .   d - +1 pair of gloves
Will    .....                   (no boots)
Stlth   ++++......              (no amulet)
HPRegen 0.20/turn               y - +6 ring of strength
MPRegen 0.14/turn               (no ring)

@: drained
A: reduced essence, fangs 1, strong nose, distributed training
a: Renounce Religion, Recall Ancestor, Ancestor Identity


You were on level 7 of the Dungeon.
You worshipped Hepliaklqana.
Hepliaklqana was pleased with you.
You visited 2 branches of the dungeon, and saw 8 of its levels.

You collected 240 gold pieces.
You spent 50 gold pieces at shops.

Inventory:

Hand Weapons
 a - a +0 falchion (weapon)
 b - a +0 hunting sling
 r - a +6 short sword
Missiles
 k - a boomerang
 n - 95 stones
 q - 102 sling bullets
 x - 23 poisoned darts (quivered)
 z - a curare-tipped dart
Armour
 d - a +1 pair of gloves (worn)
 s - a +0 leather armour (worn)
Jewellery
 y - a +6 ring of strength (left hand)
Wands
 g - a wand of digging (6)
Scrolls
 c - 2 scrolls of fog
 e - 4 scrolls of immolation {unknown}
 i - a scroll of amnesia {unknown}
 j - a scroll of noise {unknown}
 m - a scroll of enchant armour
 p - 2 scrolls of teleportation
 u - a scroll of vulnerability
 w - a scroll of silence {unknown}
 A - a scroll of magic mapping
Potions
 f - 2 potions of haste
 h - 4 potions of curing
 l - a potion of flight {unknown}
 o - a potion of magic
 t - a potion of mutation {unknown}
 v - a potion of attraction {unknown}
 B - a potion of berserk rage
 C - a potion of resistance


   Skills:
 + Level 8.0 Fighting
 + Level 4.4 Short Blades
 + Level 6.4 Long Blades
 + Level 4.4 Axes
 + Level 4.4 Maces & Flails
 + Level 4.4 Polearms
 + Level 4.4 Staves
 + Level 4.4 Slings
 + Level 4.4 Bows
 + Level 4.4 Crossbows
 + Level 4.4 Throwing
 + Level 4.4 Armour
 + Level 6.4 Dodging
 + Level 10.6 Stealth
 + Level 4.4 Shields
 + Level 4.4 Unarmed Combat
 + Level 4.4 Spellcasting
 + Level 3.6 Conjurations
 + Level 3.6 Hexes
 + Level 3.6 Summonings
 + Level 3.6 Necromancy
 + Level 3.6 Translocations
 + Level 3.6 Transmutations
 + Level 3.6 Fire Magic
 + Level 3.6 Ice Magic
 + Level 3.6 Air Magic
 + Level 3.6 Earth Magic
 + Level 3.6 Poison Magic
 + Level 4.9 Invocations
 + Level 4.4 Evocations


You had 15 spell levels left.
You knew the following spells:

 Your Spells              Type           Power      Damage    Failure   Level
a - Sandblast             Erth           24%        2d8       5%          1

Your spell library contained the following spells:

 Spells                   Type           Power      Damage    Failure   Level
 Magic Dart               Conj           48%        1d5       5%          1
 Pain                     Necr           48%        1d6       5%          1
 Freezing Cloud           Conj/Ice/Air   6%         6-21      82%         5
 Simulacrum               Ice/Necr       6%         N/A       100%        6
 Polar Vortex             Ice            6%         N/A       100%        9


Dungeon Overview and Level Annotations

Branches:
Dungeon (7/15)             Temple (1/1) D:4

Altars:
Ashenzari
Dithmenos
Fedhas
Hepliaklqana
Makhleb
Qazlal
Ru
Sif Muna
Trog
Uskayaw
Wu Jian
Xom
Yredelemnul
Zin

Shops:
D:2 ?

Annotations:
D:5 2 transporters, insectpublic's ghost, weakling HOFi


Innate Abilities, Weirdness & Mutations

Your life essence is reduced to manifest your ancestor. (-10% HP)
You have very sharp teeth.
Your uncanny sense of smell can sniff out nearby items.
Your experience applies equally to all skills.


Message History

The wight hits Servius with a +3 hand axe.
Unknown command.
You barely miss the wight. Your bite misses the wight.
The wight is lightly damaged.
The wight closely misses you.
Servius points at the wight and mumbles some strange words.
The wight resists with some effort.
The wight hits you from afar with a +3 spear.
The wight hits Servius with a +3 hand axe!
Servius hits the wight with a +0 dagger of draining.
Okay, then.
Servius hits the wight with a +0 dagger of draining.
The wight completely misses Servius.
The wight completely misses you.
Servius closely misses the wight.
The wight barely misses you.
Servius hits the wight with a +0 dagger of draining!
You hit the wight.
The wight is moderately damaged.
The wight hits you with a +3 spear.
* * * LOW HITPOINT WARNING * * *
Servius points at the wight and mumbles some strange words.
The wight resists with some effort.
Unknown command.
The wight hits you from afar with a +3 spear.
* * * LOW HITPOINT WARNING * * *
You feel drained.
* * * LOW HITPOINT WARNING * * *
The wight hits Servius with a +3 hand axe.
Servius points at the wight and mumbles some strange words.
The wight resists with some effort.
Servius casts a spell at the wight.
The wight seems to slow down.
The wight hits Servius with a +3 hand axe!
Servius is destroyed!
Okay, then.
The wight hits you with a +3 spear!
* * * LOW HITPOINT WARNING * * *
There is a stone staircase leading up here.
The wight hits you with a +3 spear!
You die...

#.# #..........##
#.# #...........##
#.## #............##
##.###.............#
##.###............#
##>.#............#
##..#..........##
##..#........## #
##..#.@....## ##.#
###.##z..## ##....
#....#######..[...
##.....z##....(.[<
#..##..†....(....
#..####....(...z#
#... #...(.....z
#...# #.....(....
#.[.# #......(..:


You could see a wight.

Vanquished Creatures
  Pikel (D:6)
  A black bear (D:6)
  A necrophage (D:5)
  A centaur (D:7)
  A kobold brigand (D:6)
  Blork the orc (D:6)
  A water moccasin skeleton (D:5)
  A wight (D:7)
  3 killer bees (D:6)
  A bullfrog zombie (D:6)
  2 orc priests (D:6)
  2 bullfrog skeletons
  A hound skeleton (D:4)
  7 adders
  An ufetubus (D:5)
  2 worms (D:3)
  A dart slug (D:3)
  4 orcs
  3 ball pythons
  4 endoplasms
  A giant cockroach (D:1)
  5 goblins
  8 hobgoblins
  15 kobolds
  4 quokkas
  2 bats
  2 frilled lizards
  5 rats
81 creatures vanquished.

Vanquished Creatures (collateral kills)
  An ugly thing (D:7)
  Grinder (D:6)
  Menkaure (D:4)
  An ice beast (D:6)
  An ogre (D:4)
  A sky beast (D:6)
  A phantom (D:6)
  A scorpion (D:3)
  An orc priest (D:6)
  An iguana (D:5)
  2 orc wizards
  An adder (D:2)
  2 white imps
  A worm (D:2)
  An orc (D:6)
  3 giant cockroaches (D:2)
  A hobgoblin (D:1)
  9 kobolds (D:6)
  4 quokkas
  A rat (D:2)
35 creatures vanquished.

Vanquished Creatures (others)
  An ancestor (D:2)
  4 hexers
  49 plants
  5 withered plants (D:4)
59 creatures vanquished.

Grand Total: 175 creatures vanquished

Notes
Turn   | Place    | Note
-------+----------+-------------------------------------------
     0 | D:5      | Reached skill level 9 in Stealth
     0 | D:5      | lawman0 the Gnoll Delver began the quest for the Orb.
     0 | D:5      | Reached XP level 1. HP: 23/23 MP: 1/1
    55 | D:5      | Reached skill level 1 in Invocations
    55 | D:5      | Reached XP level 2. HP: 29/29 MP: 1/3
    55 | D:5      | Reached XP level 3. HP: 35/35 MP: 1/4
   115 | D:5      | Reached skill level 1 in Short Blades
   115 | D:5      | Reached skill level 1 in Axes
   115 | D:5      | Reached skill level 1 in Maces & Flails
   115 | D:5      | Reached skill level 1 in Polearms
   115 | D:5      | Reached skill level 1 in Staves
   115 | D:5      | Reached skill level 1 in Slings
   115 | D:5      | Reached skill level 1 in Bows
   115 | D:5      | Reached skill level 1 in Crossbows
   115 | D:5      | Reached skill level 1 in Throwing
   115 | D:5      | Reached skill level 1 in Armour
   115 | D:5      | Reached skill level 1 in Shields
   115 | D:5      | Reached skill level 1 in Unarmed Combat
   115 | D:5      | Reached skill level 1 in Spellcasting
   115 | D:5      | Reached skill level 1 in Evocations
   115 | D:5      | Found a glowing silver altar of Zin.
   140 | D:5      | Reached XP level 4. HP: 35/41 MP: 5/5
   185 | D:4      | Noticed Menkaure
   355 | D:4      | Found a staircase to the Ecumenical Temple.
   364 | Temple   | Entered the Ecumenical Temple
   495 | Temple   | Became a worshipper of Hepliaklqana the Forgotten
   544 | D:4      | Noticed a scorpion
   546 | D:4      | Noticed a black bear
   766 | D:3      | Found a shimmering blue altar of Sif Muna.
   880 | D:3      | Got Sif Muna's Reference Book on the Rocks
   882 | D:3      | Got Sif Muna's Almanac of Battle Magic
   885 | D:3      | Got Sif Muna's Compendium of Black Magic
   888 | D:3      | Learned a level 1 spell: Sandblast
  1064 | D:3      | Reached skill level 1 in Conjurations
  1064 | D:3      | Reached skill level 1 in Hexes
  1064 | D:3      | Reached skill level 1 in Summonings
  1064 | D:3      | Reached skill level 1 in Necromancy
  1064 | D:3      | Reached skill level 1 in Translocations
  1064 | D:3      | Reached skill level 1 in Transmutations
  1064 | D:3      | Reached skill level 1 in Fire Magic
  1064 | D:3      | Reached skill level 1 in Ice Magic
  1064 | D:3      | Reached skill level 1 in Air Magic
  1064 | D:3      | Reached skill level 1 in Earth Magic
  1064 | D:3      | Reached skill level 1 in Poison Magic
  1240 | D:3      | Reached * piety under Hepliaklqana
  1370 | D:3      | Reached XP level 5. HP: 32/42 MP: 6/6
  2175 | D:2      | Found Kausuckioby's Magic Scroll Boutique.
  2190 | D:2      | Bought a scroll of identify for 20 gold pieces
  2190 | D:2      | Bought a scroll of teleportation for 30 gold pieces
  2710 | D:1      | Reached ** piety under Hepliaklqana
  2711 | D:1      | Remembered your ancestor Servius as a hexer
  2754 | D:1      | Found a faded altar of an unknown god.
  3377 | D:4      | Noticed an ogre
  3442 | D:3      | Reached XP level 6. HP: 41/47 MP: 8/8
  3485 | D:4      | Reached skill level 5 in Long Blades
  3485 | D:4      | Reached skill level 5 in Dodging
  3583 | D:4      | Killed Menkaure
  3584 | D:4      | Reached XP level 7. HP: 41/53 MP: 10/10
  3741 | D:4      | You fall into a shaft and drop 3 floors!
  3741 | D:7      | Noticed a purple ugly thing
  4027 | D:6      | Noticed Blork the orc
  4160 | D:5      | Identified the +4 kite shield "Wycahoi" {rF++ Int+2}
  4185 | D:5      | Found a transporter.
  4185 | D:5      | Found a transporter.
  4195 | D:5      | Noticed insectpublic's ghost (weakling HOFi)
  4267 | D:5      | Reached skill level 10 in Stealth
  4709 | D:6      | Noticed Grinder
  4727 | D:5      | Reached XP level 8. HP: 60/60 MP: 12/12
  4743 | D:6      | Found a broken altar of Ashenzari.
  4743 | D:6      | Found a basalt altar of Yredelemnul.
  4910 | D:6      | O_O
  5781 | D:6      | Noticed Pikel
  5804 | D:6      | Killed Pikel
  5920 | D:6      | Found a hide-covered altar of Uskayaw.
  5937 | D:6      | Reached XP level 9. HP: 59/64 MP: 14/14
  6126 | D:6      | Killed Blork the orc
  6750 | D:6      | Paralysed by Grinder for 5 turns
  6758 | D:6      | Killed Grinder
  7060 | D:7      | Killed a purple ugly thing
  7078 | D:7      | Slain by a wight

Illustrated notes

....P. ###♣.)..#
......♣## #....♣).#####
........##♣))).#......+
........#..)P♣P#.######
.†.......)..♣###.....##
††.†.....)..# #.##...#
......)))).## ♣P.##>..#
.§§...)R).## #P♣.##...#
.§§....@### ♣P#####...#
†.....♣..#


P.P #...# ...(..P♣..♣PP #...## ......P ..♣# ##.... ....... ### #..†. .....♣P
#.... .....♣P #.... ... P. ∆##.... +..... Turn 4910 on D:6: O_O

Levels and vault maps discovered:
D:1:      minmay_arrival_radiant_lines, layout_loops_ring,
          shapermc_ecumenical_altar_starsandcircs
D:2:      minmay_angry_zag, layout_rooms, serial_shops, nicolae_shop_trees
D:3:      layout_basic, nicolae_sif_muna_little_library, dk_noncrumbling_4
D:4:      layout_loops_cross, kiku_gazebo_garden_becter, amcnicky_altar_gilded,
          temple_fountains, kennysheep_boxes, uniq_menkaure
D:5:      layout_basic, kennysheep_mini_moat, gammafunk_ghost_gnarly_gnolls
D:6:      kennysheep_kobold_camp, layout_basic, mainiacjoe_overflow_24_doors,
          grunt_temple_overflow_open, uniq_blork_the_orc, uniq_grinder,
          uniq_pikel
D:7:      layout_cave_pods, nicolae_tso_swordbearing_angel,
          lemuel_coloured_pillars_altar, uniq_prince_ribbit1
Temple:   nicolae_temple_figure_zero

Skill      XL: |  1  2  3  4  5  6  7  8  9 |
---------------+----------------------------+-----
Stealth        | 10 | 10.6
Invocations    | 1 2 3 4 |  4.9
Short Blades   | 1 2 3 4 |  4.4
Axes           | 1 2 3 4 |  4.4
Maces & Flails | 1 2 3 4 |  4.4
Polearms       | 1 2 3 4 |  4.4
Staves         | 1 2 3 4 |  4.4
Slings         | 1 2 3 4 |  4.4
Bows           | 1 2 3 4 |  4.4
Crossbows      | 1 2 3 4 |  4.4
Throwing       | 1 2 3 4 |  4.4
Armour         | 1 2 3 4 |  4.4
Shields        | 1 2 3 4 |  4.4
Unarmed Combat | 1 2 3 4 |  4.4
Spellcasting   | 1 2 3 4 |  4.4
Evocations     | 1 2 3 4 |  4.4
Conjurations   | 1 2 3 |  3.6
Hexes          | 1 2 3 |  3.6
Summonings     | 1 2 3 |  3.6
Necromancy     | 1 2 3 |  3.6
Translocations | 1 2 3 |  3.6
Transmutations | 1 2 3 |  3.6
Fire Magic     | 1 2 3 |  3.6
Ice Magic      | 1 2 3 |  3.6
Air Magic      | 1 2 3 |  3.6
Earth Magic    | 1 2 3 |  3.6
Poison Magic   | 1 2 3 |  3.6
Long Blades    | 5 6 |  6.4
Dodging        | 5 6 |  6.4
Fighting       | 7 8 |  8.0

Action                   |  1- 3 |  4- 6 |  7- 9 || total
-------------------------+-------+-------+-------++-------
Melee: Falchion          |    25 |   129 |   166 ||   320
       Bite              |     4 |    10 |    24 ||    38
       Punch             |       |       |     6 ||     6
 Fire: Hunting sling     |       |       |     9 ||     9
Throw: Boomerang         |       |     4 |     6 ||    10
       Dart              |       |       |     4 ||     4
 Cast: Sandblast         |       |    12 |    25 ||    37
Invok: Ancestor Life: He |       |     1 |       ||     1
       Recall Ancestor   |       |       |     2 ||     2
Evoke: Wand              |       |     1 |     1 ||     2
  Use: Scroll            |     1 |     4 |     4 ||     9
       Potion            |       |       |     4 ||     4
 Stab: Sleeping          |     2 |    20 |     4 ||    26
       Distracted        |       |     3 |     2 ||     5
       Confused          |       |       |     4 ||     4
Armor: Leather armour    |     9 |    36 |    54 ||    99
Dodge: Dodged            |    19 |    89 |   136 ||   244

Table legend: (Time is in decaauts)
 A = Elapsed time spent in this place.
 B = Non-inter-level travel time spent in this place.
 C = Inter-level travel time spent in this place.
 D = Time resting spent in this place.
 E = Time spent auto-exploring this place.
 F = Levels seen in this place.
 G = Mean time per level.
                   A        B        C        D        E       F      G
               +--------+--------+--------+--------+--------+-----+--------+
         Total |   7112 |   6537 |    575 |   1174 |   4015 |   8 |  889.0 |
       Dungeon |   6970 |   6419 |    551 |   1174 |   3902 |   7 |  995.7 |
        Temple |    141 |    117 |     24 |      0 |    113 |   1 |  141.0 |
               +--------+--------+--------+--------+--------+-----+--------+

Top non-repeatable levels by time:
     D:6: 2268 daAuts
     D:3: 1100 daAuts
     D:5: 1001 daAuts
     D:2: 921 daAuts
     D:1: 726 daAuts
     D:4: 555 daAuts
     D:7: 397 daAuts
  Temple: 141 daAuts
